 Dungeon Crawl Stone Soup version 0.19-a0-1277-g7cecae3 (webtiles) character file.

119 Deemzul the Slasher (level 4, 0/35 HPs)
             Began as a Demonspawn Berserker on Aug 30, 2016.
             Was a Believer of Trog.
             Slain by an adder (5 damage)
             ... on level 2 of the Dungeon.
             The game lasted 00:02:14 (2002 turns).

Deemzul the Slasher (Demonspawn Berserker)          Turns: 2002, Time: 00:02:14

Health: 0/35       AC:  2    Str: 17      XL:     4   Next: 74%
Magic:  4/4        EV: 13    Int:  8      God:    Trog [**....]
Gold:   42         SH:  0    Dex: 13 (14) Spells: 0 memorised, 3 levels left

rFire  . . .     SeeInvis .     a - +0 falchion
rCold  . . .     Gourm    .     b - +0 animal skin
rNeg   . . .     Faith    .     (no shield)
rPois  .         Spirit   .     (no helmet)
rElec  .         Dismiss  .     (no cloak)
rCorr  .         Reflect  .     (no gloves)
MR     .....     Harm     .     (no boots)
Stlth  +.........               (no amulet)
                                (no ring)
                                (no ring)

@: lethally poisoned (0 -> -7)
A: talons 1
a: Berserk, Trog's Hand, Burn Spellbooks, Renounce Religion


You were on level 2 of the Dungeon.
You worshipped Trog.
Trog was pleased with you.
You were not hungry.

You visited 1 branch of the dungeon, and saw 2 of its levels.

You collected 42 gold pieces.

Inventory:

Hand Weapons
 a - a +0 falchion (weapon)
Armour
 b - a +0 animal skin (worn)
Jewellery
 h - an uncursed amulet of dismissal
 j - an uncursed ring of ice
Scrolls
 d - a scroll of recharging {unknown}
 e - 3 scrolls of identify {unknown}
 f - a scroll of noise {unknown}
 i - a scroll of fog {unknown}
Comestibles
 c - 2 bread rations
 g - a meat ration
 k - a slice of pizza


   Skills:
 + Level 3.5 Fighting
 * Level 3.7 Long Blades
 + Level 2.8 Armour
 + Level 2.4 Dodging


You had 3 spell levels left.
You didn't know any spells.

Dungeon Overview and Level Annotations

Branches:
Dungeon (2/15)

Altars:


Innate Abilities, Weirdness & Mutations

You have sharp toenails.


Message History

The adder is heavily wounded.
You feel sick. The adder misses you.
You riposte.
You hit the adder.
The adder is severely wounded.
The adder bites you.
* * * LOW HITPOINT WARNING * * *
An adder is nearby!
You are too injured to fight recklessly!
An adder is nearby!
You barely miss the adder.
The adder is severely wounded.
You feel sick. The adder bites you.
* * * LOW HITPOINT WARNING * * *
You closely miss the adder.
The adder is severely wounded.
The adder barely misses you.
You closely miss the adder.
The adder is severely wounded.
* * * LOW HITPOINT WARNING * * *
You feel sick. The adder bites you.
You die...

##...######...###.###
#...######..........
#.#..>.....#........
#.#######..#.#.#####
#.# #.##.# #
#####†### #.##.#
........## #.##.#
#####....####.##.#
##........<##@#
#†##..#.#####S#
##.###.## #$#
##.#..#####...
##..........#
#<#####..#####.##
#......†.# #.
########.# #. #.#


You could see an adder.

Vanquished Creatures
  7 adders (D:2)
  4 dart slugs
  4 giant geckos
  A ball python (D:1)
  6 bats
  2 giant cockroaches (D:2)
  2 goblins (D:2)
  6 hobgoblins
  3 jackals (D:2)
  8 kobolds
  3 giant newts
  A rat (D:1)
47 creatures vanquished.

Notes
Turn   | Place    | Note
-------+----------+-------------------------------------------
     0 | D:1      | Deemzul the Demonspawn Berserker began the quest for the Orb.
     0 | D:1      | Reached XP level 1. HP: 18/18 MP: 1/1
   116 | D:1      | Gained mutation: You have sharp toenails. [demonic ancestry]
   116 | D:1      | Reached XP level 2. HP: 6/24 MP: 2/2
  1010 | D:2      | Reached XP level 3. HP: 24/29 MP: 3/3
  1184 | D:2      | Reached ** piety under Trog
  1340 | D:2      | Reached XP level 4. HP: 30/35 MP: 4/4
  2002 | D:2      | Slain by an adder

Vault maps used:
D:1:      saegor_arrival_simple_e
D:2:      minmay_diamond_boxcup, lemuel_doored_altar,
          lemuel_coloured_pillars_altar, ecumenical_altar_1, nrook_mini_vaults

Skill      XL: |  1  2 |
---------------+-------+-----
Armour         | 2 |  2.8
Dodging        | 2 |  2.4
Long Blades    | 3 |  3.7
Fighting       | |  3.5

Action                   |  1- 3 |  4- 6 || total
-------------------------+-------+-------++-------
Melee: Falchion          |   106 |    77 ||   183
       Kick              |    15 |    14 ||    29
Invok: Berserk           |     1 |       ||     1
       Trog's Hand       |     1 |       ||     1
  Use: Potion            |     3 |       ||     3
 Stab: Sleeping          |     2 |     2 ||     4
  Eat: Chunk             |     2 |     3 ||     5
Armor: Animal skin       |    20 |    16 ||    36
Dodge: Dodged            |    63 |    39 ||   102
